 Dungeon Crawl Stone Soup version 0.21-a0-509-gecc5317 (webtiles) character file.

57 slep the Chopper (level 3, 0/30 HPs)
             Began as a Minotaur Gladiator on Nov 30, 2017.
             Slain by a gnoll
             ... wielding a +0 club
              (3 damage)
             ... on level 2 of the Dungeon.
             The game lasted 00:02:39 (709 turns).

slep the Chopper (Minotaur Gladiator)                Turns: 709, Time: 00:02:40

Health: 0/30       AC:  6    Str: 18    XL:     3   Next: 73%
Magic:  2/2        EV: 12    Int:  5    God:
Gold:   51         SH:  0    Dex: 12    Spells: 2/2 levels left

rFire    . . .     SeeInvis .   a - +0 war axe
rCold    . . .     Gourm    .   (no shield)
rNeg     . . .     Faith    .   k - +0 ring mail
rPois    .         Spirit   .   c - +0 hat
rElec    .         Reflect  .   (no cloak)
rCorr    .         Harm     .   (no gloves)
MR       .....                  g - +0 pair of boots
Stlth    +.........             (no amulet)
HPRegen  0.10/turn              (no ring)
MPRegen  0.08/turn              (no ring)

@: drained
A: retaliatory headbutt, horns 2
a: no special abilities


You were on level 2 of the Dungeon.
You were not hungry.

You visited 1 branch of the dungeon, and saw 2 of its levels.

You collected 51 gold pieces.

Inventory:

Hand Weapons
 a - a +0 war axe (weapon)
Missiles
 d - 3 throwing nets (quivered)
Armour
 b - a +0 leather armour
 c - a +0 hat (worn)
 g - a +0 pair of boots (worn)
 k - a +0 ring mail (worn)
Scrolls
 h - a scroll of magic mapping {unknown}
 i - 5 scrolls of identify {unknown}
 j - a scroll of immolation {unknown}
Potions
 e - a potion of heal wounds {unknown}
 l - a potion of berserk rage {unknown}
Comestibles
 f - a bread ration


   Skills:
 + Level 2.4(1.8) Fighting
 + Level 5.1(4.4) Axes
 + Level 2.1(1.5) Throwing
 + Level 0.8(0.2) Armour
 + Level 3.7(3.1) Dodging


You had 2 spell levels left.
You didn't know any spells.

Dungeon Overview and Level Annotations

Branches:
Dungeon (2/15)

Altars:


Innate Abilities, Weirdness & Mutations

You reflexively headbutt those who attack you in melee.
You have a pair of horns on your head.


Message History

The gnoll hits you with an enchanted spear!
* * * LOW HITPOINT WARNING * * *
The gnoll hits you but does no damage.
The gnoll hits you from afar with a halberd.
* * * LOW HITPOINT WARNING * * *
The gnoll shouts!
You slash the gnoll!
You kill the gnoll!
The gnoll misses you. The gnoll barely misses you.
You see here an enchanted spear.
You hit the gnoll. You headbutt the gnoll!
You kill the gnoll!
Your base Axes skill increases to level 5!
The gnoll hits you with a club.
* * * LOW HITPOINT WARNING * * *
You barely miss the gnoll. You headbutt the gnoll.
The gnoll is lightly wounded.
The gnoll hits you with a club.
You die...

............### # #g.
###.....#######.... #..
#..(..............# #..
#.#.....######...##
#.#..##.##.#..#####..
..#
#.....g.gg.#......... .
..........#####g#####..
#####..#### #g# .....
#@# ####. #######.# #.
........# ## #########


You could see 2 gnolls.

Vanquished Creatures
  2 gnolls (D:2)
  An adder (D:2)
  2 dart slugs (D:1)
  A leopard gecko (D:1)
  2 ball pythons (D:1)
  A giant cockroach (D:1)
  3 goblins (D:1)
  2 hobgoblins (D:1)
  3 bats (D:1)
  2 frilled lizards (D:1)
  3 kobolds (D:1)
  5 rats (D:1)
27 creatures vanquished.

Notes
Turn   | Place    | Note
-------+----------+-------------------------------------------
     0 | D:1      | slep the Minotaur Gladiator began the quest for the Orb.
     0 | D:1      | Reached XP level 1. HP: 18/18 MP: 0/0
   142 | D:1      | Reached XP level 2. HP: 16/25 MP: 1/1
   192 | D:1      | Reached skill level 4 in Axes
   533 | D:1      | Reached XP level 3. HP: 24/30 MP: 2/2
   708 | D:2      | Reached skill level 5 in Axes
   709 | D:2      | Slain by a gnoll

Vault maps used:
D:1:      minmay_arrival_up_and_down, minmay_crystal_room
D:2:      minmay_wonky_spiral, nemelex_lonely_heart_becter, uniq_terence,
          uniq_natasha

Skill      XL: |  1  2  3 |
---------------+----------+-----
Axes           | 4 5 |  5.1
Fighting       | |  2.4
Throwing       | |  2.1
Armour         | |  0.8
Dodging        | |  3.7

Action                   || total
-------------------------++-------
Melee: War axe           ||    63
       Headbutt          ||     8
Armor: Leather armour    ||    14
       Ring mail         ||    10
Dodge: Dodged            ||    48

Table legend:
 A = Spawn XP
 B = Non-spawn XP
 C = Spawn XP percentage of total XP
 D = Spawn monster count
 E = Non-spawn monster count
 F = Spawn count percentage of total count
 G = Total turns spent on level
                    A         B        C        D         E        F      G
               +---------+---------+-------+---------+---------+-------+---------
         Total |       0 |      82 |   0.0 |       0 |      27 |   0.0 |   709
               +---------+---------+-------+---------+---------+-------+---------
           D:1 |       0 |      41 |   0.0 |       0 |      24 |   0.0 |   649
           D:2 |       0 |      41 |   0.0 |       0 |       3 |   0.0 |    60
               +---------+---------+-------+---------+---------+-------+---------
